 Dungeon Crawl Stone Soup version 0.31-a0-691-g409c26aa35 (webtiles) character file.

Game seed: 2355389132573790510

124 rvierbuc the Trooper (level 4, 0/37 HPs)
             Began as a Demonspawn Cinder Acolyte on Sept 5, 2023.
             Was an Elder of Ignis.
             Slain by a scorpion (2 damage)
             ... on level 4 of the Dungeon on Sept 6, 2023.
             The game lasted 00:13:23 (2958 turns).

rvierbuc the Trooper (Demonspawn Cinder Acolyte)    Turns: 2958, Time: 00:13:24

Health: 0/37       AC:  2    Str: 17    XL:     4   Next: 81%
Magic:  7/7        EV: 11    Int: 15    God:    Ignis [****..]
Gold:   239        SH:  0    Dex:  8    Spells: 5/7 levels left

rFire   + . .        a - -1 spear (flame)
rCold   + . .        (no shield)
rNeg    . . .        b - +0 robe
rPois   .            (no helmet)
rElec   .            (no cloak)
rCorr   .            (no gloves)
SInv    .            (no boots)
Will    ++...        (no amulet)
Stlth   +            m - ring of protection from cold
HPRegen 0.26/turn    n - ring of willpower
MPRegen 0.10/turn

%: no passive effects
@: lethally poisoned (0 -> -10), attractive, enlightened, flying, very slightly
contaminated
A: powered by pain 2
a: Renounce Religion, Fiery Armour, Foxfire Swarm, Rising Flame


You were on level 4 of the Dungeon.
You worshipped Ignis.
Ignis was greatly pleased with you.
You visited 1 branch of the dungeon, and saw 4 of its levels.

You collected 239 gold pieces.

Inventory:

Hand Weapons
 a - a -1 spear of flaming (weapon)
Missiles
 l - 6 poisoned darts
Armour
 b - a +0 robe (worn)
 s - a +3 scale mail of willpower
Jewellery
 e - a ring of resist corrosion
 m - a ring of protection from cold (left hand)
 n - a ring of willpower (right hand)
 q - the amulet "Joumitiq" {Acrobat Int+4}
   (You found it on level 2 of the Dungeon)

   [amulet of the acrobat]

   Acrobat:   It increases your evasion while moving and waiting.
   Int+4:     It affects your intelligence (+4).
 r - a ring of willpower
Scrolls
 c - 2 scrolls of poison {unknown}
 f - 2 scrolls of enchant armour {unknown}
 g - a scroll of brand weapon {unknown}
 h - 4 scrolls of fear {unknown}
 i - 2 scrolls of identify {unknown}
 o - 2 scrolls of noise {unknown}
 t - a scroll of teleportation {unknown}
 u - a scroll of blinking {unknown}
 v - a scroll of vulnerability {unknown}
 w - a scroll of amnesia {unknown}
Potions
 p - a potion of degeneration {unknown}


   Skills:
 + Level 3.8 Fighting
 + Level 3.4 Polearms
 + Level 2.1 Spellcasting
 + Level 3.4 Fire Magic


You had 5 spell levels left.
You knew the following spells:

 Your Spells              Type           Power      Damage    Failure   Level
a - Scorch                Fire           22%        2d5       9%          2

Your spell library contained the following spells:

 Spells                   Type           Power      Damage    Failure   Level
 Foxfire                  Conj/Fire      24%        2x1d5     11%         1
 Plasma Beam              Fire/Air       3%         2x1d13    100%        6
 Starburst                Conj/Fire      3%         6d3       100%        6


Dungeon Overview and Level Annotations

Branches:
Dungeon (4/15)
 Temple: D:4-7

Altars:
Ashenzari
Ru


Innate Abilities, Weirdness & Mutations

You sometimes gain power by taking damage.


Message History

You feel sick. The scorpion closely misses you.
You hit the scorpion but do no damage.
The scorpion is moderately wounded.
You feel sick. The scorpion completely misses you.
You miscast Scorch.
You are very lightly contaminated with residual magic.
Nothing appears to happen.
You feel sick.
The scorpion is no longer more vulnerable to fire.
The scorpion barely misses you. The scorpion stings you.
You are more poisoned.
The scorpion poisons you!
Flames lash the scorpion.
The scorpion is moderately wounded.
The scorpion's fire resistance burns away.
You feel very sick. The scorpion stings you.
You are lethally poisoned!
The scorpion poisons you!
You don't have enough magic to cast this spell.
You hit the scorpion but do no damage.
The scorpion is moderately wounded.
You feel very sick. The scorpion stings you.
It was a potion of magic.
Magic courses through your body.
* * * LOW HITPOINT WARNING * * *
You feel very sick.
The scorpion is no longer more vulnerable to fire.
The scorpion closely misses you.
It was a potion of enlightenment.
You feel very buoyant.
You fly up into the air.
* * * LOW HITPOINT WARNING * * *
You feel very sick. The scorpion closely misses you.
It was a potion of attraction.
You feel attractive to monsters.
* * * LOW HITPOINT WARNING * * *
You feel very sick. The scorpion stings you.
You die...

#.....#
#.....#
#.....#
+.....#
#.....
#...#####
#.s......
#@#######
#?#..<..#
#.#.#.#.#
#.#.#.#.#
#.#...#.#
#.#####.#
#.# #.#
#.# #.#
#.# #.#


You could see a scorpion.

Vanquished Creatures
  Terence (D:3)
  4 adders
  A worm (D:2)
  3 dart slugs
  An orc (D:3)
  8 ball pythons
  5 bats
  An endoplasm (D:1)
  2 giant cockroaches
  7 goblins
  4 hobgoblins
  4 jackals (D:1)
  2 kobolds (D:2)
  3 quokkas
  5 frilled lizards
  4 rats
55 creatures vanquished.

Vanquished Creatures (others)
  7 foxfires (D:3)
7 creatures vanquished.

Grand Total: 62 creatures vanquished

Notes
Turn   | Place    | Note
-------+----------+-------------------------------------------
     0 | D:1      | rvierbuc the Demonspawn Cinder Acolyte began the quest for
                  | the Orb.
     0 | D:1      | Reached XP level 1. HP: 18/18 MP: 2/2
   214 | D:1      | Gained mutation: You sometimes gain a little power by
                  | taking damage. [demonic ancestry]
   214 | D:1      | Reached XP level 2. HP: 6/24 MP: 3/3
   340 | D:1      | Learned a level 2 spell: Scorch
   596 | D:1      | Upgraded the game from 0.31-a0-672-g7da72447bb to
                  | 0.31-a0-691-g409c26aa35
   829 | D:2      | Found a faded altar of an unknown god.
   876 | D:2      | Gained mutation: You sometimes gain power by taking damage.
                  | [demonic ancestry]
   876 | D:2      | Reached XP level 3. HP: 29/29 MP: 2/5
   910 | D:2      | Found a sacrificial altar of Ru.
  1484 | D:2      | Identified the amulet "Joumitiq" {Acrobat Int+4}
  1725 | D:2      | Reached XP level 4. HP: 36/36 MP: 1/6
  2194 | D:3      | Found a broken altar of Ashenzari.
  2373 | D:3      | Noticed Terence
  2390 | D:3      | Killed Terence
  2947 | D:4      | Noticed a scorpion
  2958 | D:4      | Slain by a scorpion

Illustrated notes

Levels and vault maps discovered:
D:1:      dpeg_arrival_arbitrary_b, layout_loops_cross
D:2:      layout_basic, basic_ecumenical_altar, basic_altar
D:3:      layout_loops_ring, nicolae_ashenzari_panopticon,
          minmay_curled_crystal, uniq_terence
D:4:      layout_basic, tgw_fedhas, mainiacjoe_overflow_concentric_impassable,
          serial_shops, nicolae_shop_tiny_statue_garden,
          kennysheep_generic_room_14

Skill      XL: |  1  2  3  4 |
---------------+-------------+-----
Fire Magic     | 3 |  3.4
Polearms       | 3 |  3.4
Spellcasting   | 2 |  2.1
Fighting       | |  3.8

Action                     |  1- 3 |  4- 6 || total
---------------------------+-------+-------++-------
  Melee: Spear             |    86 |    20 ||   106
   Cast: Scorch            |    17 |    19 ||    36
 Invoke: Fiery Armour      |     1 |     1 ||     2
         Foxfire Swarm     |       |     1 ||     1
    Use: Potion            |       |     3 ||     3
 Armour: Robe              |    40 |    16 ||    56
  Dodge: Dodged            |    36 |    18 ||    54

Table legend: (Time is in decaauts)
 A = Elapsed time spent in this place.
 B = Non-inter-level travel time spent in this place.
 C = Inter-level travel time spent in this place.
 D = Time resting spent in this place.
 E = Time spent auto-exploring this place.
 F = Levels seen in this place.
 G = Mean time per level.
                   A        B        C        D        E       F      G
               +--------+--------+--------+--------+--------+-----+--------+
         Total |   2951 |   2824 |    127 |     73 |   2413 |   4 |  737.8 |
       Dungeon |   2951 |   2824 |    127 |     73 |   2413 |   4 |  737.8 |
               +--------+--------+--------+--------+--------+-----+--------+

Top non-repeatable levels by time:
     D:2: 1083 daAuts
     D:3: 990 daAuts
     D:1: 826 daAuts
     D:4: 51 daAuts
